 Dungeon Crawl Stone Soup version 0.27-a0-1065-ge809cff456 (webtiles) character file.

Game seed: 4613649905009295658

49 SkiChan the Skirmisher (level 3, -1/33 HPs)
             Began as a Minotaur Fighter on Apr 22, 2021.
             Slain by an ogre
             ... wielding a +0 giant spiked club
              (14 damage)
             ... on level 2 of the Dungeon.
             The game lasted 00:01:18 (839 turns).

SkiChan the Skirmisher (Minotaur Fighter)            Turns: 839, Time: 00:01:18

Health: -1/33      AC:  7    Str: 21    XL:     3   Next: 51%
Magic:  2/2        EV:  7    Int:  5    God:
Gold:   53         SH:  9    Dex:  9    Spells: 2/2 levels left

rFire    . . .     SeeInvis .   e - +1 spear (venom)
rCold    . . .     Faith    .   c - +0 kite shield
rNeg     . . .     Spirit   .   b - +0 scale mail
rPois    .         Reflect  .   (helmet restricted)
rElec    .         Harm     .   (no cloak)
rCorr    .         Rampage  .   (no gloves)
Will     .....                  (no boots)
Stlth    ..........             (no amulet)
HPRegen  0.11/turn              (no ring)
MPRegen  0.08/turn              (no ring)

@: no status effects
A: horns 2, retaliatory headbutt
a: no special abilities


You were on level 2 of the Dungeon.
You visited 1 branch of the dungeon, and saw 2 of its levels.

You collected 53 gold pieces.

Inventory:

Hand Weapons
 a - a +0 war axe
 e - a +1 spear of venom (weapon)
Armour
 b - a +0 scale mail (worn)
 c - a +0 kite shield (worn)
Scrolls
 g - 2 scrolls of identify {unknown}
 h - a scroll of silence {unknown}
 i - a scroll of holy word {unknown}
 j - a scroll of immolation {unknown}
Potions
 d - a potion of might
 f - a potion of magic {unknown}


   Skills:
 * Level 4.2 Fighting
 * Level 3.1 Axes
 + Level 0.5 Crossbows
 * Level 4.1 Armour
 + Level 4.0 Shields


You had 2 spell levels left.
You didn't know any spells.
Your spell library was empty.

Dungeon Overview and Level Annotations

Branches:
Dungeon (2/15)

Altars:

Shops:
D:1 =[


Innate Abilities, Weirdness & Mutations

You have a pair of horns on your head.
You reflexively headbutt those who attack you in melee.


Message History

The jackal barks! x4
Found a leather armour.
Found an escape hatch in the ceiling.
There is a stone staircase leading up here.
You reach to attack!
You closely miss the jackal.
An ogre comes into view. It is wielding a +0 giant spiked club.
You closely miss the jackal.
The ogre shouts!
Your headbutt misses the jackal.
You hear an angry hiss.
You block the jackal's attack. The jackal bites you.
The jackal barely misses you. You furiously retaliate!
You headbutt the jackal!
You kill the jackal!
You closely miss the jackal. You headbutt the jackal.
You kill the jackal!
The jackal bites you but does no damage.
You block the jackal's attack.
A ball python comes into view.
The jackal bites you but does no damage.
Your scale mail prevents you from hitting the jackal.
The ball python hisses angrily.
The jackal bites you but does no damage.
The jackal barely misses you. The jackal bites you.
You barely miss the jackal. You headbutt the jackal.
You kill the jackal!
The jackal bites you but does no damage.
A giant cockroach comes into view.
The jackal bites you.
You hit the ogre.
The ogre is poisoned.
The ogre is lightly wounded.
You block the jackal's attack.
A ball python comes into view.
You block the jackal's attack.
The ogre hits you with a +0 giant spiked club!
You are too injured to fight recklessly!
You are too injured to fight recklessly!
Unknown command.
You can't go down here!
The jackal bites you.
The ogre hits you with a +0 giant spiked club!
You die...

.# #.....# ..#
#.[...#
...###.....# .
.........# ..
...<....#...
#..........
#.#..h.......
#...†@S..B...
......†#O###...
....... .#
.#####. .# #.
.. ## .. .#.
.##


You could see an ogre (very poisoned), a jackal, a giant cockroach and a ball
python.

Vanquished Creatures
  2 dart slugs (D:1)
  4 bats (D:1)
  2 endoplasms (D:1)
  A giant cockroach (D:1)
  3 goblins (D:1)
  A hobgoblin (D:1)
  11 jackals
  2 quokkas (D:1)
  A ball python (D:1)
  5 frilled lizards (D:1)
  A kobold (D:1)
  7 rats (D:1)
40 creatures vanquished.

Notes
Turn   | Place    | Note
-------+----------+-------------------------------------------
     0 | D:1      | SkiChan the Minotaur Fighter began the quest for the Orb.
     0 | D:1      | Reached XP level 1. HP: 19/19 MP: 0/0
    25 | D:1      | Reached XP level 2. HP: 25/27 MP: 1/1
   145 | D:1      | Found Giaph's Jewellery Shop.
   146 | D:1      | Found Kejiown's Antique Armour Boutique.
   369 | D:1      | Reached XP level 3. HP: 33/33 MP: 2/2
   833 | D:2      | Noticed an ogre
   839 | D:2      | Slain by an ogre

Illustrated notes

Levels and vault maps discovered:
D:1:      ebering_trefoil_3fold, layout_loops_ring, serial_shops,
          nicolae_shop_statue_plus, shop
D:2:      layout_rooms, hellmonk_ecumenical_altar_leap_of_faith,
          uniq_crazy_yiuf_cottage, uniq_jessica

Skill      XL: |  1  2  3 |
---------------+----------+-----
Axes           | 3 |  3.1
Fighting       | 4 |  4.2
Armour         | 4 |  4.1
Shields        | 4 |  4.0
Crossbows      | |  0.5

Action                   || total
-------------------------++-------
Melee: War axe           ||    44
       Spear             ||    41
       Headbutt          ||     6
Armor: Scale mail        ||    43
Dodge: Dodged            ||    20
Block: Kite shield       ||    47

Table legend: (Time is in decaauts)
 A = Elapsed time spent in this place.
 B = Non-inter-level travel time spent in this place.
 C = Inter-level travel time spent in this place.
 D = Time resting spent in this place.
 E = Time spent auto-exploring this place.
 F = Levels seen in this place.
 G = Mean time per level.
                   A        B        C        D        E       F      G
               +--------+--------+--------+--------+--------+-----+--------+
         Total |    874 |    825 |     49 |      0 |    639 |   2 |  437.0 |
       Dungeon |    874 |    825 |     49 |      0 |    639 |   2 |  437.0 |
               +--------+--------+--------+--------+--------+-----+--------+

Top non-repeatable levels by time:
     D:1: 866 daAuts
     D:2: 8 daAuts
